| TOP OF THE 1ST |
|
State College Spikes batting - Pitching for Williamsport Crosscutters : RHP Josh Thorne
|
|
Pitching: RHP Josh Thorne
|
|
|
Batting: RHB Bobby Miles
|
0-0: Swinging Strike 0-1: Foul Ball, location: 2F 0-2: Strikes out swinging
|
|
Batting: RHB Tim Jobe
|
0-0: Called Strike 0-1: Swinging Strike 0-2: Ball 1-2: Strikes out looking
|
|
Batting: RHB Joe Alley
|
0-0: Called Strike 0-1: SINGLE (Groundball, 6MD, EV 95.0 MPH)
|
|
Batting: RHB Chris Norris
|
0-0: Called Strike 0-1: Ball 1-1: Ball 2-1: Swinging Strike Passed Ball! Joe Alley to second 2-2: Strikes out swinging
|
| Top of the 1st over - 0 runs, 1 hit, 0 errors, 1 left on base; State College 0 - Williamsport 0 |
| BOTTOM OF THE 1ST |
|
Williamsport Crosscutters batting - Pitching for State College Spikes : LHP Gonnohyoe Hata
|
|
Pitching: LHP Gonnohyoe Hata
|
|
|
Batting: RHB Robby Adair
|
0-0: Ball 1-0: Ball 2-0: Called Strike 2-1: Ball 3-1: Base on Balls
|
|
Batting: RHB Marcus Carter
|
0-0: Ball Pickoff Throw to First - Error! E1 Robby Adair to second 1-0: Swinging Strike 1-1: Foul Ball, location: 2F 1-2: Strikes out swinging
|
|
Batting: RHB Tak-keung Chieu
|
0-0: Ball 1-0: Fly out, F7 (Flyball, 7, EV 89.4 MPH)
|
|
Batting: LHB Matt Calitri
|
0-0: Called Strike 0-1: Swinging Strike 0-2: Ball 1-2: Ball 2-2: Fly out, F8 (Flyball, 8LD, EV 97.5 MPH)
|
| Bottom of the 1st over - 0 runs, 0 hits, 1 error, 1 left on base; State College 0 - Williamsport 0 |
| TOP OF THE 2ND |
|
State College Spikes batting - Pitching for Williamsport Crosscutters : RHP Josh Thorne
|
|
Batting: LHB Keith Rice
|
0-0: Ball 1-0: Fly out, F7 (Line Drive, 78M, EV 94.4 MPH)
|
|
Batting: RHB Tommy Tracy
|
0-0: Ball 1-0: Foul Ball, location: 2F 1-1: Foul Ball, location: 2F 1-2: Ball 2-2: Ball 3-2: Base on Balls
|
|
Batting: RHB Brad Payne
|
0-0: Ball 1-0: Called Strike 1-1: Swinging Strike 1-2: Strikes out looking
|
|
Batting: SHB Gonnohyoe Hata
|
0-0: Called Strike 0-1: Ball 1-1: Ball 2-1: Fly out, F9 (Flyball, 9D, EV 93.8 MPH)
|
| Top of the 2nd over - 0 runs, 0 hits, 0 errors, 1 left on base; State College 0 - Williamsport 0 |
| BOTTOM OF THE 2ND |
|
Williamsport Crosscutters batting - Pitching for State College Spikes : LHP Gonnohyoe Hata
|
|
Batting: RHB Josh Baker
|
0-0: Foul Ball, location: 2F 0-1: Ball 1-1: Ball 2-1: Swinging Strike 2-2: Foul Ball, location: 2F 2-2: Ball 3-2: Strikes out swinging, 2-3 out at first.
|
|
Batting: LHB Brent Dutcher
|
0-0: Called Strike 0-1: Ball 1-1: Called Strike 1-2: Strikes out swinging
|
|
Batting: RHB Bryan Alfaro
|
0-0: Ball 1-0: Called Strike 1-1: SINGLE (Groundball, 5S, EV 72.5 MPH) (infield hit)
|
|
Batting: SHB Brendan Bundy
|
0-0: Called Strike 0-1: Ball 1-1: Ball Bryan Alfaro is caught stealing 2nd base 2-4
|
| Bottom of the 2nd over - 0 runs, 1 hit, 0 errors, 0 left on base; State College 0 - Williamsport 0 |
| TOP OF THE 3RD |
|
State College Spikes batting - Pitching for Williamsport Crosscutters : RHP Josh Thorne
|
|
Batting: LHB Billy Lang
|
0-0: Ball 1-0: Called Strike 1-1: Ball 2-1: Foul Ball, location: 2F 2-2: Ball 3-2: Strikes out looking
|
|
Batting: RHB Bobby Miles
|
0-0: Called Strike 0-1: Ball 1-1: Swinging Strike 1-2: Ball 2-2: Hit by Pitch
|
|
Batting: RHB Tim Jobe
|
0-0: Called Strike 0-1: Fielders Choice at 2nd, 4-6 (Groundball, 34, EV 90.0 MPH)
|
|
Batting: RHB Joe Alley
|
0-0: Called Strike 0-1: Called Strike 0-2: Ball Wild Pitch! Tim Jobe to second 1-2: Ball 2-2: Foul Ball, location: 2F 2-2: Foul Ball, location: 2F 2-2: Strikes out swinging
|
| Top of the 3rd over - 0 runs, 0 hits, 0 errors, 1 left on base; State College 0 - Williamsport 0 |
| BOTTOM OF THE 3RD |
|
Williamsport Crosscutters batting - Pitching for State College Spikes : LHP Gonnohyoe Hata
|
|
Batting: SHB Brendan Bundy
|
0-0: Foul Ball, location: 2F 0-1: Foul Ball, location: 2F 0-2: Ball 1-2: Ball 2-2: Strikes out swinging, 2-3 out at first.
|
|
Batting: RHB Leon Edwards
|
0-0: Called Strike 0-1: Ball 1-1: Ball 2-1: Foul Ball, location: 2F 2-2: Ball 3-2: Foul Ball, location: 2F 3-2: Foul Ball, location: 2F 3-2: Foul Ball, location: 2F 3-2: Base on Balls
|
|
Batting: RHB Robby Adair
|
0-0: Called Strike 0-1: Swinging Strike 0-2: Ball 1-2: Strikes out swinging
|
|
Batting: RHB Marcus Carter
|
Pickoff Throw to First - Error! E1 Leon Edwards to second 0-0: Ball 1-0: Called Strike Balk! Leon Edwards to third 1-1: Called Strike 1-2: Strikes out looking
|
| Bottom of the 3rd over - 0 runs, 0 hits, 1 error, 1 left on base; State College 0 - Williamsport 0 |
| TOP OF THE 4TH |
|
State College Spikes batting - Pitching for Williamsport Crosscutters : RHP Josh Thorne
|
|
Batting: RHB Chris Norris
|
0-0: Foul Ball, location: 2F 0-1: Foul Ball, location: 2F 0-2: Foul Ball, location: 2F 0-2: Ball 1-2: Foul Ball, location: 2F 1-2: Foul Ball, location: 2F 1-2: Ball 2-2: Ground out 5-3 (Groundball, 56, EV 89.4 MPH)
|
|
Batting: LHB Keith Rice
|
0-0: Called Strike 0-1: Reached via error on a dropped throw from 1B, E1 (Groundball, 34S, EV 74.4 MPH)
|
|
Batting: RHB Tommy Tracy
|
0-0: Grounds into double play, 6-4-3 (Groundball, 6, EV 105.6 MPH)
|
| Top of the 4th over - 0 runs, 0 hits, 1 error, 0 left on base; State College 0 - Williamsport 0 |
| BOTTOM OF THE 4TH |
|
Williamsport Crosscutters batting - Pitching for State College Spikes : LHP Gonnohyoe Hata
|
|
Batting: RHB Tak-keung Chieu
|
0-0: Ball 1-0: Ball 2-0: Ball 3-0: Base on Balls
|
|
Batting: LHB Matt Calitri
|
0-0: Foul Ball, location: 2F 0-1: Called Strike 0-2: Strikes out swinging
|
|
Batting: RHB Josh Baker
|
0-0: Swinging Strike 0-1: Ball 1-1: Foul Ball, location: 2F 1-2: Strikes out looking
|
|
Batting: LHB Brent Dutcher
|
Pickoff Throw to First - Out! 1-3
|
| Bottom of the 4th over - 0 runs, 0 hits, 0 errors, 0 left on base; State College 0 - Williamsport 0 |
| TOP OF THE 5TH |
|
State College Spikes batting - Pitching for Williamsport Crosscutters : RHP Josh Thorne
|
|
Pitching: RHP Todd Cox
|
|
|
Batting: RHB Brad Payne
|
0-0: Called Strike 0-1: Ball 1-1: Swinging Strike 1-2: Strikes out looking
|
|
Batting: SHB Gonnohyoe Hata
|
0-0: Ball 1-0: Ball 2-0: Ground out 4-3 (Groundball, 4, EV 111.2 MPH)
|
|
Batting: LHB Billy Lang
|
0-0: Ball 1-0: Called Strike 1-1: Fly out, F8 (Flyball, 8LXD, EV 94.4 MPH)
|
| Top of the 5th over - 0 runs, 0 hits, 0 errors, 0 left on base; State College 0 - Williamsport 0 |
| BOTTOM OF THE 5TH |
|
Williamsport Crosscutters batting - Pitching for State College Spikes : LHP Gonnohyoe Hata
|
|
Batting: LHB Brent Dutcher
|
0-0: Ball 1-0: Ball 2-0: Foul Ball, location: 2F 2-1: Ball 3-1: SINGLE (Line Drive, 6MD, EV 106.2 MPH)
|
|
Batting: RHB Bryan Alfaro
|
0-0: Called Strike 0-1: Ball 1-1: Ball 2-1: Swinging Strike 2-2: Strikes out swinging
|
|
Batting: SHB Brendan Bundy
|
0-0: Called Strike 0-1: Fly out, F9 (Line Drive, 89M, EV 105.6 MPH)
|
|
Batting: RHB Leon Edwards
|
0-0: Called Strike Brent Dutcher steals 2nd, throwing error, E2 Brent Dutcher to third 0-1: DOUBLE (Line Drive, 78D, EV 98.8 MPH) Brent Dutcher scores
|
|
Batting: RHB Robby Adair
|
0-0: SINGLE (Groundball, 4D, EV 94.4 MPH) Leon Edwards to third Runner from 3rd tries for Home, SAFE, throw by CF to home Robby Adair to second
|
|
Batting: RHB Marcus Carter
|
0-0: Ball 1-0: Ball Wild Pitch! Robby Adair to third 2-0: Ball 3-0: Called Strike 3-1: Ground out 1-3 (Groundball, 25, EV 74.4 MPH)
|
| Bottom of the 5th over - 2 runs, 3 hits, 1 error, 1 left on base; State College 0 - Williamsport 2 |
| TOP OF THE 6TH |
|
State College Spikes batting - Pitching for Williamsport Crosscutters : RHP Todd Cox
|
|
Batting: RHB Bobby Miles
|
0-0: Called Strike 0-1: Swinging Strike 0-2: Ball 1-2: Ball 2-2: Ball 3-2: Foul Ball, location: 2F 3-2: Strikes out swinging
|
|
Batting: RHB Tim Jobe
|
0-0: Ball 1-0: Ball 2-0: Called Strike 2-1: Swinging Strike 2-2: Strikes out swinging
|
|
Batting: RHB Joe Alley
|
0-0: Called Strike 0-1: Ball 1-1: Foul Ball, location: 2F 1-2: Foul Ball, location: 2F 1-2: Reached on error, E6 (Groundball, 6, EV 103.1 MPH)
|
|
Batting: RHB Chris Norris
|
0-0: Ball 1-0: Foul Ball, location: 2F 1-1: Ball 2-1: Ball 3-1: Base on Balls
|
|
Batting: LHB Keith Rice
|
0-0: Called Strike 0-1: Foul Ball, location: 2F 0-2: Foul Ball, location: 2F 0-2: Ball 1-2: Strikes out looking
|
| Top of the 6th over - 0 runs, 0 hits, 1 error, 2 left on base; State College 0 - Williamsport 2 |
| BOTTOM OF THE 6TH |
|
Williamsport Crosscutters batting - Pitching for State College Spikes : LHP Gonnohyoe Hata
|
|
Batting: RHB Tak-keung Chieu
|
0-0: SINGLE (Groundball, 6D, EV 104.4 MPH)
|
|
Batting: LHB Matt Calitri
|
0-0: Ball 1-0: Ball 2-0: Ball 3-0: Base on Balls Tak-keung Chieu to second
|
|
Batting: RHB Josh Baker
|
0-0: Called Strike 0-1: Ball Balk! Tak-keung Chieu to third Matt Calitri to second 1-1: Called Strike 1-2: Foul Ball, location: 2F 1-2: Foul Ball, location: 2F 1-2: Strikes out swinging
|
|
Batting: LHB Brent Dutcher
|
0-0: Foul Ball, location: 2F 0-1: Ball 1-1: Ball 2-1: Swinging Strike Balk! Tak-keung Chieu scores Matt Calitri to third 2-2: Strikes out swinging
|
|
Batting: RHB Bryan Alfaro
|
0-0: Ball 1-0: Fly out, F7 (Line Drive, 7S, EV 89.4 MPH)
|
| Bottom of the 6th over - 1 run, 1 hit, 0 errors, 1 left on base; State College 0 - Williamsport 3 |
| TOP OF THE 7TH |
|
State College Spikes batting - Pitching for Williamsport Crosscutters : RHP Todd Cox
|
|
Pitching: LHP Cody Bodenhamer
|
|
|
Batting: RHB Tommy Tracy
|
0-0: Ball 1-0: SINGLE (Flyball, 9S, EV 85.0 MPH)
|
|
Batting: RHB Brad Payne
|
0-0: Called Strike Tommy Tracy is caught stealing 2nd base 2-4 0-1: Called Strike 0-2: Strikes out looking
|
|
Batting: SHB Gonnohyoe Hata
|
0-0: Foul Ball, location: 2F 0-1: Swinging Strike 0-2: Foul Ball, location: 2F 0-2: Strikes out swinging
|
| Top of the 7th over - 0 runs, 1 hit, 0 errors, 0 left on base; State College 0 - Williamsport 3 |
| BOTTOM OF THE 7TH |
|
Williamsport Crosscutters batting - Pitching for State College Spikes : LHP Gonnohyoe Hata
|
|
Pitching: RHP Jung-joon Chon
|
|
|
Batting: SHB Brendan Bundy
|
0-0: Ball 1-0: Swinging Strike 1-1: Foul Ball, location: 2F 1-2: Foul Ball, location: 2F 1-2: Ball 2-2: Ground out 6-3 (Groundball, 6, EV 87.5 MPH)
|
|
Batting: RHB Leon Edwards
|
0-0: Foul Ball, location: 2F 0-1: Ball 1-1: Fly out, F8 (Line Drive, 8LM, EV 91.2 MPH)
|
|
Batting: RHB Robby Adair
|
0-0: SOLO HOME RUN (Flyball, 8LXD, EV 115.6 MPH), Distance : 455 ft
|
|
Batting: RHB Marcus Carter
|
0-0: Ball 1-0: Swinging Strike 1-1: Called Strike 1-2: Ball 2-2: Ground out 5-3 (Groundball, 5L, EV 100.6 MPH)
|
| Bottom of the 7th over - 1 run, 1 hit, 0 errors, 0 left on base; State College 0 - Williamsport 4 |
| TOP OF THE 8TH |
|
State College Spikes batting - Pitching for Williamsport Crosscutters : LHP Cody Bodenhamer
|
|
Batting: LHB Billy Lang
|
0-0: Called Strike 0-1: Ball 1-1: Called Strike 1-2: Ball 2-2: Strikes out swinging
|
|
Batting: RHB Bobby Miles
|
0-0: Ball 1-0: Ball 2-0: Called Strike 2-1: Swinging Strike 2-2: Ball 3-2: Ground out U3 (Groundball, 3S, EV 83.1 MPH)
|
|
Batting: RHB Tim Jobe
|
0-0: Ball 1-0: Foul Ball, location: 2F 1-1: Foul Ball, location: 2F 1-2: Ground out 4-3 (Groundball, 4, EV 109.4 MPH)
|
| Top of the 8th over - 0 runs, 0 hits, 0 errors, 0 left on base; State College 0 - Williamsport 4 |
| BOTTOM OF THE 8TH |
|
Williamsport Crosscutters batting - Pitching for State College Spikes : RHP Jung-joon Chon
|
|
Pitching: LHP Andy Fitzsimmons
|
|
|
Batting: RHB Tak-keung Chieu
|
0-0: Swinging Strike 0-1: Ball 1-1: Called Strike 1-2: Ball 2-2: SINGLE (Groundball, 56, EV 101.9 MPH)
|
|
Batting: LHB Matt Calitri
|
0-0: Fly out, F7 (Flyball, 7, EV 92.5 MPH)
|
|
Batting: RHB Josh Baker
|
0-0: Called Strike 0-1: Ball 1-1: Swinging Strike 1-2: Ball 2-2: Foul Ball, location: 2F 2-2: SINGLE (Groundball, 6MD, EV 106.9 MPH) Tak-keung Chieu to second
|
|
Batting: LHB Brent Dutcher
|
0-0: Foul Ball, location: 2F 0-1: Fielders Choice at 2nd, 3-6 (Groundball, 3, EV 87.5 MPH) Tak-keung Chieu to third
|
|
Batting: RHB Bryan Alfaro
|
0-0: Foul Ball, location: 2F 0-1: Called Strike 0-2: Ball 1-2: Foul Ball, location: 2F 1-2: Ball 2-2: Foul Ball, location: 2F 2-2: Ball 3-2: Base on Balls Brent Dutcher to second
|
|
Batting: SHB Brendan Bundy
|
0-0: Called Strike 0-1: Called Strike 0-2: Strikes out swinging
|
| Bottom of the 8th over - 0 runs, 2 hits, 0 errors, 3 left on base; State College 0 - Williamsport 4 |
| TOP OF THE 9TH |
|
State College Spikes batting - Pitching for Williamsport Crosscutters : LHP Cody Bodenhamer
|
|
Batting: RHB Joe Alley
|
0-0: Ball 1-0: Ball 2-0: Foul Ball, location: 2F 2-1: Swinging Strike 2-2: Ball 3-2: Strikes out swinging
|
|
Batting: RHB Chris Norris
|
0-0: Ground out 6-3 (Groundball, 6, EV 100.6 MPH)
|
|
Batting: LHB Keith Rice
|
0-0: Ball 1-0: Ball 2-0: Called Strike 2-1: Ground out 5-3 (Groundball, 56, EV 75.6 MPH)
|
| Top of the 9th over - 0 runs, 0 hits, 0 errors, 0 left on base; State College 0 - Williamsport 4 |
|